 Dungeon Crawl Stone Soup version 0.31.0-11-ge490571c62 (webtiles) character file.

Game seed: 17997296845387369879

41 Bravepunisher the Ducker (level 3, 0/20 HPs)
             Began as a Spriggan Monk on Jan 26, 2024.
             Slain by a gnoll
             ... wielding a +0 spear of venom
              (8 damage)
             ... on level 4 of the Dungeon.
             The game lasted 00:02:25 (515 turns).

Bravepunisher the Ducker (Spriggan Monk)             Turns: 515, Time: 00:02:26

Health: 0/20       AC:  2    Str:  7    XL:     3   Next: 32%
Magic:  4/4        EV: 19    Int: 11    God:
Gold:   20         SH:  0    Dex: 19    Spells: 2/2 levels left

rFire   . . .        a - +0 short sword
rCold   . . .        (no shield)
rNeg    . . .        b - +0 robe
rPois   .            (helmet restricted)
rElec   .            (no cloak)
rCorr   .            (gloves unavailable)
SInv    +            (boots unavailable)
Will    .....        (no amulet)
Stlth   ++           (no ring)
HPRegen 0.23/turn    (no ring)
MPRegen 0.09/turn

%: no passive effects
@: invisible, very quick
A: very small, no large weapons, unfitting armour, see invisible, speed 3
a: no special abilities


You were on level 4 of the Dungeon.
You visited 1 branch of the dungeon, and saw 4 of its levels.

You collected 20 gold pieces.

Inventory:

Hand Weapons
 a - a +0 short sword (weapon)
Armour
 b - a +0 robe (worn)
Jewellery
 f - an amulet of guardian spirit
Potions
 c - a potion of ambrosia


   Skills:
 * Level 3.3 Fighting
 - Level 3.2 Short Blades
 + Level 4.7 Dodging


You had 2 spell levels left.
You didn't know any spells.
Your spell library was empty.

Dungeon Overview and Level Annotations

Branches:
Dungeon (4/15)
 Temple: D:4-7

Altars:
Qazlal

Annotations:
D:4 Dowan, Duvessa, Robin


Innate Abilities, Weirdness & Mutations

You are very small and have problems with some larger weapons.
You are too small for most types of armour.
You have supernaturally acute eyesight. (SInv)
You cover ground extremely quickly. (Speed+++)


Message History

You see here a hound corpse.
A goblin is nearby!
You closely miss the goblin. The goblin misses you.
You barely miss the goblin. You hit the goblin but do no damage.
The goblin barely misses you.
You hit the goblin.
You kill the goblin!
Things that are here:
a +0 dagger; a goblin corpse An iguana is nearby!
You barely miss the iguana. The iguana misses you.
You barely miss the iguana. The iguana closely misses you.
You closely miss the iguana. The iguana barely misses you.
You barely miss the iguana. The iguana bites you.
You barely miss the iguana. The iguana misses you.
You hit the iguana but do no damage. You closely miss the iguana.
The iguana barely misses you.
You hit the iguana.
The iguana is moderately wounded.
The iguana barely misses you.
You hit the iguana.
The iguana is moderately wounded.
The iguana bites you.
* * * LOW HITPOINT WARNING * * *
As you read the scroll labelled COVITR ROWOT, it crumbles to dust.
It is a scroll of identify.
e - a scroll of blinking The iguana closely misses you.
Blink to where?
Press: ? - help, Dir - move target
As you read the scroll of blinking, it crumbles to dust.
The orc shouts!
It was a potion of invisibility.
You fade into invisibility!
The gnoll misses you.
You catch the helpless gnoll completely off-guard!
You hit the gnoll.
The gnoll is moderately wounded.
The gnoll hits you with a +0 spear of venom!
You die...

.......g.....###......#
#...........l..$...###
##...........###....#
............g..###### #
#######.######.# #
#.........#.# #
#.##....#.# # #
#.#####g# # #.# #@#
#.##.# #.# #.# #.##.#
#o#####.# #.##.#
#o#.....# #.##.#
.#.#.#####
#.##.###.#o#.#
#.##.#...#.#.#
#....#.###.#.#
.....lg....#.#


You could see a gnoll (unable to see you).

Vanquished Creatures
  A hound (D:4)
  An adder (D:2)
  A goblin (D:4)
  A ball python (D:2)
  3 rats
7 creatures vanquished.

Notes
Turn   | Place    | Note
-------+----------+-------------------------------------------
     0 | D:1      | Bravepunisher the Spriggan Monk began the quest for the
                  | Orb.
     0 | D:1      | Reached XP level 1. HP: 11/11 MP: 2/2
    90 | D:2      | Reached XP level 2. HP: 16/16 MP: 3/3
   271 | D:3      | Found a stormy altar of Qazlal.
   271 | D:3      | Noticed a sky beast
   362 | D:4      | Noticed Robin
   365 | D:4      | Noticed Duvessa
   367 | D:4      | Noticed Dowan
   473 | D:4      | Reached XP level 3. HP: 10/20 MP: 4/4
   515 | D:4      | Slain by a gnoll

Illustrated notes

Levels and vault maps discovered:
D:1:      eino_arrival_cavern_e, layout_loops_ring, st_stairs_3, chequers_jeans,
          chequers_serial_rivers_micro_d, hangedman_decor_push
D:2:      layout_basic
D:3:      layout_loops_ring, nicolae_qazlal_beasts_of_the_sky
D:4:      minmay_skewed_foursquare, layout_basic, demons_altar,
          nicolae_underground_beach, uniq_duvessa, uniq_robin,
          uniq_crazy_yiuf_cottage

Skill      XL: |  1  2 |
---------------+-------+-----
Fighting       | 3 |  3.3
Short Blades   | |  3.2
Dodging        | |  4.7

Action                     || total
---------------------------++-------
  Melee: Short sword       ||    33
    Use: Scroll            ||     2
         Potion            ||     1
   Stab: Sleeping          ||     2
         Invisible         ||     1
 Armour: Robe              ||    11
  Dodge: Dodged            ||    38
